 Dungeon Crawl Stone Soup version 0.29.0-5-ge4962eb29e (webtiles) character file.

Game seed: 7234750265149624768

57627 Zeldest the Skirmisher (level 14, -20/110 HPs)
             Began as a Mummy Delver on Aug 29, 2022.
             Was the Champion of Cheibriados.
             Demolished by an orc warrior
             ... wielding a +0 mace
              (27 damage)
             ... on level 2 of the Orcish Mines.
             The game lasted 01:09:24 (19995 turns).

Zeldest the Skirmisher (Mummy Delver)              Turns: 19995, Time: 01:09:24

Health: -20/110    AC:  6    Str: 30    XL:     14   Next: 46%
Magic:  21/21      EV:  9    Int: 29    God:    Cheibriados [******]
Gold:   780        SH: 15    Dex: 32    Spells: 15/23 levels left

rFire   + . .      SeeInvis .   a - +9 double sword (flame)
rCold   + + +      Faith    .   o - +0 tower shield
rNeg    + + +      Spirit   .   g - +2 robe {rC+ rF+}
rPois   ∞          Reflect  .   D - +1 hat {Will+}
rElec   .          Harm     .   (no cloak)
rCorr   .          Rampage  .   (no gloves)
Will    +++..                   v - +0 pair of boots
Stlth   ++++......              p - amulet of regeneration
HPRegen 1.08/turn               F - ring of protection from cold
MPRegen 0.17/turn               z - ring "Umnuahus" {rPois rF+ rN+ Will+ Int+3}

@: very slow
A: cold resistance 1, negative energy resistance 3, torment resistance 2, heat
vulnerability 1, in touch with death 2, no potions
a: Renounce Religion, Bend Time, Temporal Distortion, Slouch, Step From Time


You were on level 2 of the Orcish Mines.
You worshipped Cheibriados.
Cheibriados was exalted by your worship.
You visited 3 branches of the dungeon, and saw 18 of its levels.
You also visited: Bailey.

You collected 1618 gold pieces.
You spent 838 gold pieces at shops.

Inventory:

Hand Weapons
 a - a +9 double sword of flaming (weapon)
 b - the +6 sling of Floods {vorpal, rF- SInv Stlth+}
   (You found it on level 5 of the Dungeon)

   Any ammunition fired from it inflicts extra damage upon your enemies.
   rF:        It makes you vulnerable to fire.
   SInv:      It lets you see invisible.
   Stlth:     It makes you more stealthy.
 q - the +4 dagger "Morg" {pain, Will+ Int+5}
   (You found it on level 3 of the Dungeon)

   In the hands of one skilled in necromantic magic, it inflicts extra damage on
   living creatures.
   Int:       It affects your intelligence (+5).
   Will:      It increases your willpower.
Missiles
 i - 4 curare-tipped darts
Armour
 g - a +2 robe of resistance (worn)
 o - a +0 tower shield (worn)
 v - a +0 pair of boots (worn)
 D - a +1 hat of willpower (worn)
Magical Staves
 C - a staff of air
Jewellery
 d - a ring of ice
 m - an amulet of reflection
 p - an amulet of regeneration (around neck)
 r - a ring of resist corrosion
 t - a +6 ring of strength
 z - the ring "Umnuahus" (right hand) {rPois rF+ rN+ Will+ Int+3}
   (You took it off a crimson imp on level 7 of the Dungeon)

   [ring of protection from fire]

   Int:       It affects your intelligence (+3).
   rF:        It protects you from fire.
   rPois:     It protects you from poison.
   rN:        It protects you from negative energy.
   Will:      It increases your willpower.
 F - a ring of protection from cold (left hand)
Wands
 f - a wand of digging (3)
 h - a wand of paralysis (5)
 w - a wand of flame (23)
 x - a wand of polymorph (15)
 E - a wand of mindburst (8)
Scrolls
 c - a scroll of fog
 j - 3 scrolls of summoning
 k - 7 scrolls of identify
 l - 4 scrolls of noise
 n - 5 scrolls of teleportation
 s - a scroll of silence
 A - 3 scrolls of amnesia
 B - a scroll of magic mapping
Miscellaneous
 e - a condenser vane (inert)


   Skills:
 - Level 10.1 Fighting
 - Level 8.7(8.9) Short Blades
 * Level 2.9(6.2) Long Blades
 - Level 2.7 Axes
 * Level 11.5 Ranged Weapons
 - Level 2.1 Dodging
 - Level 4.1 Stealth
 + Level 0.1 Shields
 - Level 5.0 Spellcasting
 - Level 2.9 Conjurations
 - Level 9.9 Necromancy
 - Level 5.4 Earth Magic
 - Level 9.1 Invocations


You had 15 spell levels left.
You knew the following spells:

 Your Spells              Type           Power      Damage    Failure   Level
a - Vampiric Draining     Necr           98%        2d13      6%          3
b - Agony                 Necr           98%        N/A       47%         5

Your spell library contained the following spells:

 Spells                   Type           Power      Damage    Failure   Level
 Necrotise                Necr           100%       1d9       1%          1
 Apportation              Tloc           14%        N/A       75%         1
 Dazzling Flash           Conj/Hex       30%        N/A       88%         3
 Iskenderun's Mystic Bla  Conj/Tloc      15%        2d5       99%         4
 Passage of Golubria      Tloc           7%         N/A       100%        4
 Summon Ice Beast         Ice/Summ       7%         N/A       100%        4
 Alistair's Intoxication  Tmut/Pois      4%         N/A       100%        5
 Silence                  Hex/Air        3%         N/A       100%        5
 Summon Mana Viper        Hex/Summ       7%         N/A       100%        5
 Starburst                Conj/Fire      7%         6d4       100%        6
 Monstrous Menagerie      Summ           3%         N/A       100%        7
 Lehudib's Crystal Spear  Conj/Erth      15%        10d5      100%        8


Dungeon Overview and Level Annotations

Branches:
Dungeon (11/15)            Temple (0/1) D:7            Lair (5/5) D:11
  Swamp (0/4) Lair:3        Snake (0/4) Lair:3        Slime (0/5) Lair:4
    Orc (2/2) D:11            Elf (0/3) Orc:2        Bailey (visited)

Altars:
Ashenzari
Cheibriados
Kikubaaqudgha
Makhleb
Okawaru
Qazlal
Ru
Vehumet
Wu Jian
Xom
Yredelemnul
Jiyva

Shops:
D:6 (   D:9 (   D:10 ?   D:11 *   Orc:2 **((

Annotations:
D:3 2 transporters, apoch's ghost, amateur GrFi
D:4 2 exclusions
D:5 1 runed translucent door, Crazy Yiuf
D:8 Grum
D:11 Erolcha
Lair:5 2 runed translucent doors


Innate Abilities, Weirdness & Mutations

You are immune to poison.
Your flesh is cold resistant. (rC+)
You are immune to negative energy. (rN+++)
You are immune to unholy pain and torment.
You are vulnerable to heat. (rF-)
You are strongly in touch with the powers of death.
You do not drink.


Message History

You kill the ogre!
Cheibriados thoroughly appreciates the change of pace.
You block the warg's attack. The warg closely misses you.
You slice the warg!! You burn the warg!
You kill the warg!
Cheibriados thoroughly appreciates the change of pace.
You start resting.
HP restored.
You swing at nothing.
You climb upwards.
The orc knight roars a battlecry!
The orcs go into a battle-frenzy!
You block the orc's attack. You block the orc warrior's attack.
The orc hits you with a +0 mace. You block the orc warrior's attack.
The orc knight hits you with a +2 long sword!
An orc comes into view. It is wielding a +0 club.
An orc wizard comes into view. It is wielding a +0 dagger.
The orc warrior shouts!
The orc wizard shouts!
The orc shouts!
There is a stone staircase leading down here.
You block the orc warrior's attack. The orc warrior barely misses you.
You climb downwards.
There is a stone staircase leading up here.
Okay, then.
You slash the orc warrior! You burn the orc warrior.
The orc warrior is heavily wounded.
The orc warrior hits you with a +0 battleaxe!!
You block the orc knight's attack. You block the orc warrior's attack. x2
The orc knight hits you with a +2 long sword!!
The orc warrior hits you with a +0 mace!!
* * * LOW HITPOINT WARNING * * *
You fail to use your ability.
You block the orc warrior's attack.
The orc knight hits you with a +2 long sword!
* * * LOW HITPOINT WARNING * * *
You block the orc warrior's attack.
You fail to use your ability.
The orc warrior hits you with a +0 battleaxe!
* * * LOW HITPOINT WARNING * * *
The orc knight barely misses you.
The orc warrior hits you with a +0 mace!!
You die...

##.............#...##.##
###........[............#
#.##.....#.............##
...#.........[...##...##
..................##...##
..#....).........##.#...#
.................#...#.##
....<...........o.....#.##
.[............>)@o.......#
.[[..............o#.....##
[.....................###
)...................###
........[).......)....###
)[......................##
..)......................#
[.......................##
.....)..................##


You could see an orc knight and 2 orc warriors.

Vanquished Creatures
  Gastronok (Lair:1)
  A minotaur (Bailey)
  Snorg (Lair:3)
  A fire dragon (Lair:5)
  2 hydras
  A catoblepas (Lair:4)
  Nergalle (Lair:1)
  Urug (D:11)
  A fire crab (Lair:4)
  An orc knight (Orc:1)
  An oklob plant (Lair:3)
  2 wolf spiders (Lair:1)
  3 cyclopes
  9 orc sorcerers
  12 elephants
  A torpor snail (Lair:2)
  8 black mambas
  11 cane toads
  Maggie (D:6)
  2 unseen horrors (D:11)
  7 komodo dragons
  4 rime drakes
  3 trolls
  A hornet (D:9)
  5 polar bears
  7 dream sheep
  2 slime creatures (Lair:4)
  9 blink frogs
  A wraith (D:8)
  2 shadows (D:11)
  8 wyverns
  66 yaks
  3 basilisks
  4 vampire mosquitoes (Lair:3)
  9 wargs
  3 steam dragons
  3 nagas (Lair:3)
  An acid dragon (D:8)
  13 water moccasins
  A hell hound (Lair:5)
  26 orc warriors
  A swamp drake (D:11)
  A black bear (D:11)
  5 ogres
  30 wolves
  8 centaurs
  2 kobold brigands
  3 gnoll sergeants (D:8)
  A necrophage (D:6)
  2 scorpions (D:5)
  13 bullfrogs
  5 wights (D:9)
  3 howler monkeys
  2 electric eels
  6 crimson imps (D:7)
  4 jellies
  4 gnoll boudas
  4 hounds
  18 orc priests
  An iguana (D:6)
  Natasha (twice) (D:3)
  A scorpion zombie (D:3)
  44 orc wizards
  2 hound skeletons (D:3)
  41 gnolls
  5 adders
  2 shadow imps
  4 white imps
  2 adder zombies (D:3)
  2 dart slugs (D:1)
  86 orcs
  5 endoplasms
  2 giant cockroaches (D:2)
  16 goblins
  17 hobgoblins
  5 jackals (D:8)
  14 kobolds
  2 quokkas
  3 training dummies (D:6)
  8 ball pythons
  4 bats
  4 frilled lizards
  A quokka zombie (D:3)
  4 rats
  A bush (Lair:4)
629 creatures vanquished.

Vanquished Creatures (others)
  An orc (D:11)
  95 fungi
  86 plants
  18 withered plants (D:3)
200 creatures vanquished.

Grand Total: 829 creatures vanquished

Notes
Turn   | Place    | Note
-------+----------+-------------------------------------------
     0 | D:5      | Zeldest the Mummy Delver began the quest for the Orb.
     0 | D:5      | Reached XP level 1. HP: 18/18 MP: 1/1
    42 | D:5      | Noticed an orc wizard
   102 | D:5      | Identified the +6 sling of Floods {vorpal, rF- SInv Stlth+}
   152 | D:5      | Reached XP level 2. HP: 24/24 MP: 2/2
   194 | D:4      | Gained mutation: You are in touch with the powers of death.
                  | [Mummy growth]
   194 | D:4      | Reached XP level 3. HP: 29/29 MP: 3/3
   244 | D:4      | Found a sacrificial altar of Ru.
   249 | D:4      | Reached skill level 1 in Ranged Weapons
   427 | D:4      | Reached XP level 4. HP: 33/35 MP: 4/4
   953 | D:4      | Reached skill level 1 in Long Blades
  1142 | D:3      | Found a transporter.
  1145 | D:3      | Found a transporter.
  1146 | D:3      | Noticed apoch's ghost (amateur GrFi)
  1154 | D:3      | Noticed a necrophage
  1264 | D:3      | Found an ornate altar of the Wu Jian Council.
  1295 | D:3      | Reached XP level 5. HP: 42/42 MP: 5/5
  1325 | D:3      | Noticed Natasha
  1380 | D:3      | Reached skill level 2 in Ranged Weapons
  1427 | D:3      | Killed Natasha
  1559 | D:3      | Noticed Natasha
  1564 | D:3      | Killed Natasha
  1620 | D:3      | Found the +4 dagger "Morg" {pain, Will+ Int+5}
  2045 | D:2      | Found a snail-covered altar of Cheibriados.
  2183 | D:2      | Reached XP level 6. HP: 48/48 MP: 6/6
  2564 | D:1      | Found a faded altar of an unknown god.
  3188 | D:2      | Became a worshipper of Cheibriados the Contemplative
  3327 | D:4      | Reached skill level 1 in Short Blades
  3457 | D:5      | Reached skill level 3 in Ranged Weapons
  3467 | D:5      | Found a radiant altar of Vehumet.
  3517 | D:5      | Reached skill level 1 in Invocations
  3619 | D:5      | Found a runed translucent door.
  3620 | D:5      | Noticed Crazy Yiuf
  3815 | D:5      | Reached XP level 7. HP: 51/54 MP: 7/7
  4129 | D:6      | Found a broken altar of Ashenzari.
  4155 | D:6      | Reached skill level 1 in Necromancy
  4162 | D:6      | Found a shimmering altar of Xom.
  4165 | D:6      | Found a shimmering altar of Xom.
  4186 | D:6      | Found a shimmering altar of Xom.
  4203 | D:6      | Noticed Maggie
  4216 | D:6      | Killed Maggie
  4216 | D:6      | Reached * piety under Cheibriados
  4272 | D:6      | Found Peuroxt's Firing Range.
  4310 | D:6      | Reached skill level 4 in Ranged Weapons
  4310 | D:6      | Reached XP level 8. HP: 61/61 MP: 9/9
  4434 | D:6      | Found a stormy altar of Qazlal.
  4868 | D:7      | Found a staircase to the Ecumenical Temple.
  4974 | D:7      | Reached skill level 5 in Fighting
  5081 | D:7      | Identified the ring "Umnuahus" {rPois rF+ rN+ Will+ Int+3}
  5237 | D:8      | Found an ancient bone altar of Kikubaaqudgha.
  5271 | D:8      | Reached ** piety under Cheibriados
  5378 | D:8      | Reached skill level 5 in Ranged Weapons
  5498 | D:8      | Reached XP level 9. HP: 57/68 MP: 11/11
  5571 | D:8      | Reached *** piety under Cheibriados
  5709 | D:8      | Reached skill level 5 in Short Blades
  5744 | D:8      | Found a basalt altar of Yredelemnul.
  5807 | D:8      | Noticed Grum
  5911 | D:9      | Reached skill level 6 in Ranged Weapons
  5971 | D:9      | Found a flagged portal.
  5982 | D:9      | Reached **** piety under Cheibriados
  5983 | D:9      | Reached XP level 10. HP: 42/77 MP: 13/13
  5997 | Bailey   | Entered a bailey
  6030 | Bailey   | Learned a level 3 spell: Vampiric Draining
  6518 | Bailey   | Noticed an orc warlord
  6587 | Bailey   | Noticed a minotaur
  6587 | Bailey   | an orc warlord changed into a minotaur
  6591 | Bailey   | Killed a minotaur
  6592 | Bailey   | Reached skill level 5 in Necromancy
  6607 | Bailey   | Reached skill level 7 in Ranged Weapons
  6717 | D:9      | Reached skill level 5 in Invocations
  6718 | D:9      | Reached ***** piety under Cheibriados
  6930 | D:9      | Found Epsarch's Antique Weapon Emporium.
  6962 | D:9      | Found an iron altar of Okawaru.
  7363 | D:10     | Entered Level 10 of the Dungeon
  7472 | D:9      | Reached XP level 11. HP: 42/84 MP: 2/15
  7752 | D:10     | Found Gonut's Magic Scroll Shop.
  7760 | D:10     | Bought a scroll of blinking for 105 gold pieces
  7886 | D:10     | Bought 3 scrolls of blinking for 315 gold pieces
  8299 | D:11     | Reached skill level 8 in Ranged Weapons
  8481 | D:11     | Found a staircase to the Lair.
  8759 | D:11     | Noticed Erolcha
  8792 | Lair:1   | Entered Level 1 of the Lair of Beasts
  8805 | D:11     | Reached ****** piety under Cheibriados
  8952 | D:11     | Found a staircase to the Orcish Mines.
  9220 | D:11     | Found Cuxkozag's Assorted Antiques.
  9517 | Lair:1   | Noticed Gastronok
  9600 | Lair:1   | Killed Gastronok
  9601 | Lair:1   | Reached XP level 12. HP: 84/93 MP: 12/16
  9671 | Lair:1   | Noticed Sonja
  9674 | Lair:1   | Noticed Sonja
  9674 | Lair:1   | Sonja changed into Sonja the tengu
  9675 | Lair:1   | Noticed Sonja
  9675 | Lair:1   | Sonja the tengu changed into Sonja the rime drake
  9687 | D:11     | Killed Sonja the rime drake
  9688 | D:11     | Reached skill level 9 in Ranged Weapons
 10085 | Lair:1   | Noticed Nergalle
 10094 | Lair:1   | Killed Nergalle
 10166 | Lair:1   | Learned a level 5 spell: Agony
 10492 | Lair:1   | Reached skill level 1 in Spellcasting
 10739 | Lair:1   | Reached skill level 1 in Earth Magic
 11330 | Lair:2   | Noticed a five-headed hydra
 11790 | Lair:2   | Killed a five-headed hydra
 11791 | Lair:2   | Reached skill level 10 in Ranged Weapons
 12276 | Lair:2   | Gained mutation: You are strongly in touch with the powers
                  | of death. [Mummy growth]
 12276 | Lair:2   | Reached XP level 13. HP: 84/101 MP: 18/18
 12877 | Lair:3   | Noticed Snorg
 12889 | Lair:3   | Killed Snorg
 13482 | Lair:3   | Found a staircase to the Snake Pit.
 13507 | Lair:3   | Found a staircase to the Swamp.
 13942 | Lair:3   | Reached skill level 5 in Spellcasting
 15164 | Lair:4   | Found a staircase to the Slime Pits.
 15184 | Lair:4   | Found a viscous altar of Jiyva.
 15752 | Lair:5   | Entered Level 5 of the Lair of Beasts
 15768 | Lair:4   | Reached skill level 11 in Ranged Weapons
 16106 | Lair:5   | Reached skill level 10 in Fighting
 16348 | Lair:5   | Found a large runed translucent door.
 16348 | Lair:5   | Found a large runed translucent door.
 16348 | Lair:5   | Noticed a fire dragon
 16355 | Lair:5   | Killed a fire dragon
 16478 | Lair:5   | Identified the +1 ring mail of Mumm {Drain +Inv rPois rF+}
 16924 | Lair:4   | Reached XP level 14. HP: 74/110 MP: 17/21
 16968 | Lair:4   | Reached skill level 1 in Conjurations
 17684 | Orc:1    | Entered Level 1 of the Orcish Mines
 17729 | Orc:1    | Noticed Urug
 17871 | D:11     | Killed Urug
 18224 | Orc:2    | Entered Level 2 of the Orcish Mines
 18238 | Orc:1    | Reached skill level 5 in Earth Magic
 18635 | Orc:2    | Found a staircase to the Elven Halls.
 19436 | Orc:2    | Found Isigoh's Antique Weapon Boutique.
 19436 | Orc:2    | Found Xuaddur's Antique Weapon Emporium.
 19492 | Orc:2    | Found Mugouqacro's Assorted Antiques.
 19492 | Orc:2    | Found Kenwefarph's Assorted Antiques.
 19498 | Orc:2    | Bought 3 scrolls labelled KIMAIJ VUEHOR for 69 gold pieces
 19498 | Orc:2    | Bought a tower shield for 103 gold pieces
 19507 | Orc:2    | Bought a scroll labelled GAZICOWYRA for 29 gold pieces
 19507 | Orc:2    | Bought a scroll of enchant weapon for 217 gold pieces
 19843 | Orc:1    | Found a burning altar of Makhleb.
 19995 | Orc:2    | Demolished by an orc warrior

Illustrated notes

Levels and vault maps discovered:
D:1:      psy_arrival_spokes, layout_loops_ring,
          chequers_ecumenical_altar_island
D:2:      layout_loops_corners, basic_altar
D:3:      layout_rooms, mainiacjoe_overflow_alcove_1, serial_glass,
          glass_columns_a, glass_columns_b, gammafunk_ghost_mausoleum,
          dilly_guarded_unrand_morg
D:4:      layout_basic, nicolae_ru_great_annihilating_truth,
          minmay_fire_ice_demons
D:5:      nicolae_cairo_tiling_large, layout_loops_ring,
          mainiacjoe_overflow_paths, uniq_crazy_yiuf_cottage
D:6:      layout_cave_pools, nicolae_qazlal_general_emergency,
          marbit_many_paths, cheibrodos_ashenzari_chains, xom_redecorated,
          nicolae_shop_firing_range, uniq_maggie
D:7:      layout_basic, minmay_temple_entry_tees, minmay_nine_imps
D:8:      layout_cave_pools, kiku_gazebo_pond_becter, kennysheep_mini_moat,
          serial_gnoll_camp, gnoll_camp_mini_hut, gnoll_camp_huts_moat,
          gnoll_camp_mini_hut, gnoll_camp_mini_sergeant, gnoll_camp_mini_basic,
          uniq_grum
D:9:      layout_rooms, kennysheep_okawaru_gauntlet, enter_bailey_5,
          serial_shops, nicolae_take_the_stairs, lightli_orcish_oven
D:10:     layout_big_octagon, serial_shops, shop
D:11:     layout_long_grid, due_lair_maze_entry_diamond, erik_orc_1,
          serial_shops, shop, uniq_erolcha
Lair:1:   layout_misc_corridors, nicolae_lair_run_with_the_wolves,
          grunt_megastairs_2, uniq_gastronok, uniq_sonja, uniq_nergalle
Lair:2:   layout_regular_city, grunt_megastairs_4
Lair:3:   layout_cave_pods, minmay_swamp_entry_swarm,
          minmay_snake_entry_guardpost_small, serial_rivers,
          chequers_serial_rivers_large_b, chequers_serial_rivers_micro_b,
          chequers_serial_rivers_micro_c, chequers_serial_rivers_large_a,
          chequers_serial_rivers_micro_e, chequers_serial_rivers_small_a,
          uniq_snorg
Lair:4:   layout_regular_city, minmay_slime_entry_pillars, wad_woods_06
Lair:5:   cheibrodos_lair_end_hotspot, layout_long_grid, serial_bayou_shore_b
Orc:1:    layout_diamond_mine, bloody_makhleb, uniq_urug
Orc:2:    st_orc_town, layout_caves

Skill      XL: |  1  2  3  4  5  6  7  8  9 10 11 12 13 14 |
---------------+-------------------------------------------+-----
Axes           | 2 |  2.7
Ranged Weapons | 1 2 3 4 5 6 7 8 10 11 | 11.5
Long Blades    | 1 2 |  2.9
Dodging        | 2 |  2.1
Fighting       | 4 5 6 7 8 9 10 | 10.1
Short Blades   | 1 2 4 5 7 8 |  8.7
Invocations    | 1 2 3 4 5 6 7 8 9 |  9.1
Necromancy     | 2 3 4 5 6 8 9 |  9.9
Spellcasting   | 3 5 |  5.0
Earth Magic    | 2 4 5 |  5.4
Conjurations   | 2 |  2.9
Stealth        | |  4.1
Shields        | |  0.1

Action                   |  1- 3 |  4- 6 |  7- 9 | 10-12 | 13-15 || total
-------------------------+-------+-------+-------+-------+-------++-------
Melee: Hand axe          |     8 |       |       |       |       ||     8
       Dagger            |       |       |       |   107 |    99 ||   206
       Punch             |       |       |       |     3 |     6 ||     9
       Double sword      |       |       |       |       |   111 ||   111
 Fire: Sling             |    23 |   169 |   324 |   644 |   562 ||  1722
Throw: Dart              |       |       |       |       |     4 ||     4
 Cast: Vampiric Draining |       |       |       |    94 |   101 ||   195
Invok: Bend Time         |       |       |     1 |     2 |       ||     3
       Slouch            |       |       |       |     2 |    12 ||    14
Evoke: Wand              |       |       |     3 |    12 |     7 ||    22
       Condenser vane    |       |       |       |     2 |     2 ||     4
  Use: Scroll            |     1 |       |    14 |    10 |    18 ||    43
Armor: Leather armour    |       |     3 |     3 |       |       ||     6
       Steam dragon scal |       |       |    33 |    43 |       ||    76
       Scale mail        |       |       |       |   173 |   274 ||   447
Dodge: Dodged            |     6 |    36 |   109 |   363 |   439 ||   953
Block: Other             |       |     6 |       |       |       ||     6
       Tower shield      |       |       |       |       |    12 ||    12
